 Dungeon Crawl Stone Soup version 0.19.1 (webtiles) character file.

56 Slime the Sneak (level 3, 0/16 HPs)
             Began as a Spriggan Enchanter on Dec 25, 2016.
             Succumbed to an adder's poison
             ... on level 2 of the Dungeon.
             The game lasted 00:03:34 (1089 turns).

Slime the Sneak (Spriggan Enchanter)                Turns: 1089, Time: 00:03:35

Health: 0/16       AC:  3    Str:  4    XL:     3   Next: 69%
Magic:  3/8        EV: 18    Int: 21    God:
Gold:   75         SH:  0    Dex: 17    Spells: 2 memorised, 4 levels left

rFire  . . .     SeeInvis +     a - +1 dagger
rCold  . . .     Gourm    .     b - +1 robe
rNeg   . . .     Faith    .     (shield restricted)
rPois  .         Spirit   .     (helmet restricted)
rElec  .         Reflect  .     (no cloak)
rCorr  .         Harm     .     (gloves unavailable)
MR     .....                    (boots unavailable)
Stlth  +++.......               (no amulet)
                                (no ring)
                                (no ring)

@: brilliant, lethally poisoned (0 -> -5), flying, very quick
A: unfitting armour, see invisible, herbivore 3, speed 3, slow metabolism 2
a: no special abilities


You were on level 2 of the Dungeon.
You were not hungry.

You visited 1 branch of the dungeon, and saw 2 of its levels.

You collected 75 gold pieces.

Inventory:

Hand Weapons
 a - a +1 dagger (weapon)
Armour
 b - a +1 robe (worn)
Scrolls
 e - a scroll of identify {unknown}
Books
 c - a book of Maledictions

   Spells                             Type                      Level
   a - Corona                         Hexes                        1
   b - Ensorcelled Hibernation        Hexes/Ice                    2
   c - Confuse                        Hexes                        3
   d - Tukima's Dance                 Hexes                        3
   e - Dazzling Spray                 Conjuration/Hexes            3
Comestibles
 d - a bread ration
 f - a royal jelly


   Skills:
 - Level 1.1 Short Blades
 - Level 3.0 Dodging
 - Level 5.0 Stealth
 - Level 2.6 Spellcasting
 - Level 3.9 Hexes
 + Level 2.2 Ice Magic


You had 4 spell levels left.
You knew the following spells:

 Your Spells              Type           Power        Failure   Level  Hunger
a - Corona                Hex            ####...      1%          1    None
b - Ensorcelled Hibernat  Hex/Ice        ####..       1%          2    ##.....


Dungeon Overview and Level Annotations

Branches:
Dungeon (2/15)

Altars:
Okawaru


Innate Abilities, Weirdness & Mutations

You are very small and have problems with some larger weapons.
You are too small for most types of armour.
You have supernaturally acute eyesight. (SInv)
You are a herbivore.
You cover ground extremely quickly.
You need consume almost no food.


Message History

The adder is severely wounded.
You feel sick.
The adder stops glowing.
The adder closely misses you.
You hit the adder.
You kill the adder!
Your Ice Magic skill increases to level 2!
* * * LOW HITPOINT WARNING * * *
You feel sick.
Unknown command.
* * * LOW HITPOINT WARNING * * *
You feel sick.
* * * LOW HITPOINT WARNING * * *
You feel sick.
It was a potion of flight.
You feel very buoyant.
You fly up into the air.
It was a potion of brilliance.
You feel clever all of a sudden.
* * * LOW HITPOINT WARNING * * *
You feel sick.
You die...

............. ....
#..........#.....#..# ....
..................#.# .....
..................#.## .....
..................... ......
#....w..........%..# #...######
#..................####....##....
................@..#......# #....
#.....<....#..†......##.## #...†
#............#..........####....
#.b....[..#.##..........##......
.>.#..####.........†........<...#
#..... ###.##......>....)......
...... .......................
.>... ##...##....[............
..... ...#######..............


There were no monsters in sight!

Vanquished Creatures
  2 adders (D:2)
  3 worms
  2 dart slugs
  A ball python (D:1)
  3 giant cockroaches (D:1)
  4 goblins (D:1)
  A hobgoblin (D:2)
  4 kobolds (D:1)
  A bat (D:2)
  A frilled lizard (D:1)
  4 rats (D:1)
26 creatures vanquished.

Notes
Turn   | Place    | Note
-------+----------+-------------------------------------------
     0 | D:1      | Slime the Spriggan Enchanter began the quest for the Orb.
     0 | D:1      | Reached XP level 1. HP: 9/9 MP: 5/5
   151 | D:1      | Reached skill level 5 in Stealth
   192 | D:1      | Reached XP level 2. HP: 13/13 MP: 4/6
   196 | D:1      | Learned a level 2 spell: Ensorcelled Hibernation
   536 | D:1      | Reached skill level 1 in Ice Magic
   907 | D:2      | Reached XP level 3. HP: 16/16 MP: 8/8
  1022 | D:2      | Found an iron altar of Okawaru.
  1089 | D:2      | Succumbed to an adder's poison

Skill      XL: |  1  2  3 |
---------------+----------+-----
Stealth        | 5 |  5.0
Ice Magic      | 1 2 |  2.2
Short Blades   | |  1.1
Dodging        | |  3.0
Spellcasting   | |  2.6
Hexes          | |  3.9

Action                   || total
-------------------------++-------
Melee: Dagger            ||    63
 Cast: Corona            ||     7
       Ensorcelled Hiber ||    16
  Use: Scroll            ||     3
       Potion            ||     3
 Stab: Sleeping          ||    19
Armor: Robe              ||     5
Dodge: Dodged            ||    37
